 Dungeon Crawl Stone Soup version 0.28.0-53-g5a82cb258f (webtiles) character file.

Game seed: 2546939641876331412

9424 Jerry the Nimble (level 11, -1/80 HPs)
             Began as an Octopode Fighter on July 25, 2022.
             Was the Champion of Jiyva.
             Killed from afar by a rime drake (28 damage)
             ... with a flash freeze
             ... on level 11 of the Dungeon.
             The game lasted 00:35:19 (9148 turns).

Jerry the Nimble (Octopode Fighter)                 Turns: 9148, Time: 00:35:20

Health: -1/80      AC:  1    Str: 20    XL:     11   Next: 46%
Magic:  11/11      EV: 15    Int: 13    God:    Jiyva [******]
Gold:   397        SH: 10    Dex: 11    Spells: 10/10 levels left

rFire   . . .      SeeInvis .   a - +0 long sword (flame)
rCold   . . .      Faith    .   d - +0 kite shield
rNeg    . . .      Spirit   .   (helmet restricted)
rPois   .          Reflect  .   (no amulet)
rElec   .          Harm     .   (no ring)
rCorr   +          Rampage  .   (no ring)
Will    .....                   (no ring)
Stlth   ++++......              (no ring)
HPRegen 1.83/turn               (no ring)
MPRegen 0.62/turn               (no ring)
                                (no ring)
                                (no ring)

@: no status effects
A: almost no armour, amphibious, 8 rings, camouflage 1, gelatinous body 1,
(nimble swimmer 1), tentacles, tentacle spike 1, clever 1, eyeballs 2, evolution
1, tendrils, MP-powered wands
a: Renounce Religion, Oozemancy, Slimify


You were on level 11 of the Dungeon.
You worshipped Jiyva.
Jiyva was exalted by your worship.
You visited 1 branch of the dungeon, and saw 11 of its levels.
You also visited: Sewer.

You collected 397 gold pieces.

Inventory:

Hand Weapons
 a - a +0 long sword of flaming (weapon)
 j - a +3 dagger of venom
 p - the +10 war axe "Zorryun" {antimagic, rPois rF- rCorr}
   (You found it on level 5 of the Dungeon)

   It reduces the magical energy of the wielder, and disrupts the spells and
   magical abilities of those it strikes.
   Natural abilities and divine invocations are not affected.
   rF:        It makes you vulnerable to fire.
   rPois:     It protects you from poison.
   rCorr:     It protects you from acid and corrosion.
Missiles
 s - 8 poisoned darts (quivered)
 v - 4 throwing nets
 x - 3 silver boomerangs
Armour
 d - a +0 kite shield (worn)
 r - an orb of mayhem
Wands
 m - a wand of charming (3)
 w - a wand of paralysis (6)
Scrolls
 c - a scroll of identify
 i - a scroll of amnesia
 k - 2 scrolls of brand weapon
 q - 2 scrolls of torment
 u - 3 scrolls of blinking
 y - a scroll of fog
Potions
 e - 2 potions of heal wounds
 f - a potion of cancellation
 g - 2 potions of curing
 h - a potion of attraction
 l - a potion of haste
 o - a potion of flight {unknown}
 t - 2 potions of invisibility {unknown}
 z - a potion of degeneration {unknown}
 A - a potion of brilliance {unknown}


   Skills:
 + Level 9.1 Fighting
 + Level 8.7 Long Blades
 + Level 9.1 Dodging
 + Level 7.0 Stealth
 + Level 9.1 Shields


You had 10 spell levels left.
You didn't know any spells.
Your spell library contained the following spells:

 Spells                   Type           Power      Damage    Failure   Level
 Dazzling Flash           Conj/Hex       0%         N/A       91%         3
 Iskenderun's Mystic Bla  Conj/Tloc      0%         2d3       100%        4
 Starburst                Conj/Fire      0%         6d3       100%        6


Dungeon Overview and Level Annotations

Branches:
Dungeon (11/15)            Temple (0/1) D:5           Sewer (visited)
   Lair: D:8-11         Orc: D:9-12

Altars:
Dithmenos
Elyvilon
Fedhas
Gozag
Makhleb
Qazlal
Sif Muna
Trog
Wu Jian
Xom
Zin
Jiyva

Shops:
D:10 =

Portals:
Trove: D:10 (give 5 scrolls of fear)
Ice
Cave: D:11


Innate Abilities, Weirdness & Mutations

You cannot wear most types of armour.
You are amphibious.
You can wear up to eight rings at the same time.
Your skin changes colour to match your surroundings (Stealth+).
Your rubbery body absorbs attacks. (AC +1, EV +1)
((You are camouflaged when in or above water. (Stealth+)))
You have tentacles for arms and can constrict up to eight enemies at once.
One of your tentacles bears a spike.
Your mind is acute. (Int +2)
Your body has grown many eyes which may confuse attackers. (Acc +5)
You have hidden genetic potential.
You are covered in slimy tendrils that may disarm your opponents.
You expend magic power (3 MP) to strengthen your wands.


Message History

The flash freeze hits you!!
You shudder from the blast and a jelly pops out!
You are encased in ice.
The rime drake bites you but does no damage.
The rime drake bites you.
* * * LOW HITPOINT WARNING * * *
You closely miss the rime drake.
You squeeze the rime drake, but do no damage.
The rime drake is almost dead.
You block the rime drake's attack. The rime drake bites you.
* * * LOW HITPOINT WARNING * * *
The rime drake misses you.
You hit the rime drake but do no damage.
The rime drake is almost dead.
The rime drake barely misses you.
Your acid blob closely misses the rime drake.
You block the rime drake's attack.
Unknown command.
You slash the rime drake! You burn the rime drake.
You kill the rime drake!
The rime drake bites you.
* * * LOW HITPOINT WARNING * * *
Your Stealth skill increases to level 7!
You swap places.
The ice encasing you melts away. Something bites your acid blob.
Something completely misses your acid blob.
Your acid blob barely misses the rime drake.
Your acid blob spits acid at the rime drake.
The splash of acid hits the rime drake!
Your acid blob dissolves into a puddle of slime!
You slash the rime drake! You burn the rime drake.
You squeeze the rime drake, but do no damage.
The rime drake is almost dead.
The rime drake breathes ice at you. You block the flash freeze.
Your acid blob closely misses the rime drake.
The rime drake breathes ice at you. The flash freeze hits you!!
You die...

##### #### ##...####
##....#### ##.......#
##..≈.....#####...8..#..##
#....#≈##...........###..#
#..≈#≈#@.......8..#.#..#
#...≈#k....[......'_#...
#...†J≈##......8..#.#..#
#∩.....##.........###..#
#####..##.......8..#....
..###............... ...#
#............... #.#.#
#............... .....
................


You could see a rime drake (catching breath, ally target) and a friendly acid
blob (summoned).

Vanquished Creatures
  Harold (D:8)
  A cyclops (D:10)
  A manticore (D:11)
  Joseph (D:8)
  A kobold demonologist (D:6)
  A rime drake (D:11)
  A hornet (D:8)
  3 trolls
  A wraith (D:8)
  5 yaks
  2 wyverns
  2 steam dragons
  3 vampire mosquitoes (D:11)
  4 orc warriors (D:9)
  2 ice beasts
  A black bear (D:7)
  A necrophage (D:7)
  3 ogres
  A centaur (D:10)
  A phantom (D:6)
  A kobold brigand (D:8)
  A gnoll sergeant (D:6)
  2 scorpions
  4 bullfrogs
  A wyvern skeleton (D:6)
  A water moccasin skeleton (D:7)
  3 wights (D:8)
  4 centaur zombies
  5 hounds
  2 orc priests
  A bullfrog skeleton (D:4)
  6 iguanas
  9 orc wizards
  A killer bee zombie (D:4)
  A hound skeleton (D:5)
  5 gnolls
  10 adders
  A river rat (D:4)
  3 white imps
  An adder skeleton (D:4)
  4 worms
  26 orcs
  9 ball pythons
  8 giant cockroaches
  2 goblins
  10 quokkas
  3 bats
  13 frilled lizards
  13 kobolds
  5 rats
191 creatures vanquished.

Vanquished Creatures (collateral kills)
  A boulder beetle (D:7)
  Maggie (D:7)
  4 yaks (D:10)
  2 orcs (D:7)
8 creatures vanquished.

Vanquished Creatures (others)
  A rime drake (shapeshifter) (D:11)
  A spriggan (shapeshifter) (D:11)
  A water moccasin (D:6)
  A black bear (D:4)
  A centaur (shapeshifter) (D:11)
  2 centaurs
  A scorpion (D:5)
  10 jellies
  2 hounds
  An orc priest (D:3)
  An orc wizard (D:3)
  A hound skeleton (D:5)
  A howler monkey skeleton (D:7)
  2 adders
  5 gnolls
  A worm (D:3)
  6 orcs
  A bat (D:2)
  2 endoplasms (D:3)
  4 goblins
  3 hobgoblins
  2 quokkas
  2 ball pythons (Sewer)
  A frilled lizard (D:3)
  2 kobolds
  13 plants (D:1)
68 creatures vanquished.

Grand Total: 267 creatures vanquished

Notes
Turn   | Place    | Note
-------+----------+-------------------------------------------
     0 | D:1      | Jerry the Octopode Fighter began the quest for the Orb.
     0 | D:1      | Reached XP level 1. HP: 16/16 MP: 1/1
   221 | D:1      | Reached XP level 2. HP: 16/21 MP: 2/2
   673 | D:1      | Found a faded altar of an unknown god.
   765 | D:1      | Prayed at the altar of an unknown god.
   765 | D:1      | Became a worshipper of Jiyva Juni the Shapeless
   765 | D:1      | Reached * piety under Jiyva
  1593 | D:2      | Reached XP level 3. HP: 26/26 MP: 3/3
  1688 | D:2      | You fall into a shaft and drop 1 floor!
  1708 | D:3      | Found a blossoming altar of Fedhas.
  1762 | D:3      | Reached XP level 4. HP: 21/31 MP: 4/4
  2039 | D:2      | Found a shimmering altar of Xom.
  2072 | D:2      | Reached ** piety under Jiyva
  3213 | D:4      | Reached XP level 5. HP: 37/37 MP: 5/5
  3293 | D:4      | Found a glowing drain.
  3299 | Sewer    | Entered a sewer
  3413 | Sewer    | Reached XP level 6. HP: 13/43 MP: 6/6
  3665 | D:4      | Found an ornate altar of the Wu Jian Council.
  3697 | D:4      | Reached *** piety under Jiyva
  3698 | D:4      | Gained mutation: You have hidden genetic potential.
                  | [Jiyva's grace]
  3698 | D:4      | Gained mutation: You have great hidden genetic potential.
                  | [Jiyva's grace]
  3698 | D:4      | Gained mutation: One of your tentacles bears a spike.
                  | [Jiyva's grace]
  3698 | D:4      | Gained mutation: One of your tentacles bears a nasty spike.
                  | [Jiyva's grace]
  3784 | D:4      | Found an opulent altar of Gozag.
  3784 | D:4      | Found a glowing silver altar of Zin.
  3831 | D:4      | Found a stormy altar of Qazlal.
  3894 | D:4      | Killed a black bear
  4368 | D:5      | Entered Level 5 of the Dungeon
  4392 | D:5      | Found a staircase to the Ecumenical Temple.
  4398 | D:5      | Reached **** piety under Jiyva
  4413 | D:5      | Reached XP level 7. HP: 48/49 MP: 7/7
  4544 | D:5      | Gained mutation: You are agile. (Dex +2) [hidden potential]
  4650 | D:5      | Reached skill level 5 in Dodging
  4650 | D:5      | Reached skill level 5 in Shields
  4656 | D:5      | Reached skill level 5 in Fighting
  4767 | D:5      | Identified the +10 war axe "Zorryun" {antimagic, rPois rF-
                  | rCorr}
  4773 | D:5      | Reached XP level 8. HP: 25/55 MP: 8/8
  4894 | D:5      | Found a bloodstained altar of Trog.
  5122 | D:6      | Noticed a kobold demonologist
  5132 | D:6      | Killed a kobold demonologist
  5133 | D:6      | Reached skill level 5 in Long Blades
  5142 | D:6      | Gained mutation: You have very sharp teeth. [hidden
                  | potential]
  5142 | D:6      | Lost mutation: You have great hidden genetic potential.
                  | [hidden potential expressed]
  5336 | D:6      | Reached ***** piety under Jiyva
  5487 | D:6      | Lost mutation: You have very sharp teeth. [Jiyva's grace]
  5487 | D:6      | Lost mutation: You are agile. (Dex +2) [Jiyva's grace]
  5487 | D:6      | Lost mutation: You have hidden genetic potential. [Jiyva's
                  | grace]
  5487 | D:6      | Gained mutation: You have hidden genetic potential.
                  | [Jiyva's grace]
  5487 | D:6      | Gained mutation: You have great hidden genetic potential.
                  | [Jiyva's grace]
  5487 | D:6      | Gained mutation: You are partially covered in iridescent
                  | scales. (AC +2) [Jiyva's grace]
  5487 | D:6      | Gained mutation: You are mostly covered in iridescent
                  | scales. (AC +4) [Jiyva's grace]
  5535 | D:6      | Found a burning altar of Makhleb.
  5872 | D:7      | Reached XP level 9. HP: 63/63 MP: 9/9
  5886 | D:7      | Noticed Maggie
  6051 | D:7      | Killed Maggie
  6096 | D:7      | Gained mutation: A frigid envelope surrounds you and
                  | freezes all who hurt you. [hidden potential]
  6266 | D:7      | Noticed a boulder beetle
  6278 | D:7      | Killed a boulder beetle
  6418 | D:8      | Reached XP level 10. HP: 69/71 MP: 10/10
  6426 | D:8      | Reached skill level 1 in Stealth
  6443 | D:8      | Found a shimmering blue altar of Sif Muna.
  6678 | D:8      | Found a shadowy altar of Dithmenos.
  6682 | D:8      | Noticed Joseph
  6695 | D:8      | Killed Joseph
  6718 | D:8      | Gained mutation: You are robust. (+10% HP) [hidden
                  | potential]
  6718 | D:8      | Lost mutation: You have great hidden genetic potential.
                  | [hidden potential expressed]
  6770 | D:8      | Noticed Harold
  6779 | D:8      | Killed Harold
  7617 | D:9      | Lost mutation: One of your tentacles bears a nasty spike.
                  | [Jiyva's grace]
  7617 | D:9      | Lost mutation: You are mostly covered in iridescent scales.
                  | (AC +4) [Jiyva's grace]
  7617 | D:9      | Lost mutation: You are partially covered in iridescent
                  | scales. (AC +2) [Jiyva's grace]
  7617 | D:9      | Lost mutation: A frigid envelope surrounds you and freezes
                  | all who hurt you. [Jiyva's grace]
  7617 | D:9      | Lost mutation: You are robust. (+10% HP) [Jiyva's grace]
  7617 | D:9      | Gained mutation: You expend magic power (3 MP) to
                  | strengthen your wands. [Jiyva's grace]
  7617 | D:9      | Gained mutation: You are covered in slimy tendrils that may
                  | disarm your opponents. [Jiyva's grace]
  7617 | D:9      | Gained mutation: Your body has grown eyes which may confuse
                  | attackers. (Acc +3) [Jiyva's grace]
  7617 | D:9      | Gained mutation: Your body has grown many eyes which may
                  | confuse attackers. (Acc +5) [Jiyva's grace]
  8031 | D:10     | Entered Level 10 of the Dungeon
  8103 | D:10     | Reached skill level 5 in Stealth
  8110 | D:10     | Reached XP level 11. HP: 42/78 MP: 11/11
  8176 | D:10     | Reached ****** piety under Jiyva
  8264 | D:10     | Found a portal to a secret trove of treasure.
  8302 | D:10     | Found a white marble altar of Elyvilon.
  8368 | D:10     | Noticed a cyclops
  8378 | D:10     | Killed a cyclops
  8449 | D:10     | Found Cietuso's Jewellery Shoppe.
  8516 | D:10     | Gained mutation: Your mind is acute. (Int +2) [hidden
                  | potential]
  8821 | D:11     | Noticed a manticore
  8830 | D:11     | Killed a manticore
  9114 | D:11     | Found a glowing silver altar of Zin.
  9135 | D:11     | Found a frozen archway.
  9148 | D:11     | Killed from afar by a rime drake

Illustrated notes

Levels and vault maps discovered:
D:1:      dpeg_arrival_rooms_b, layout_basic,
          shapermc_ecumenical_altar_notcrosses, lexackson_kobold_supper
D:2:      layout_basic, basic_altar
D:3:      kb_forest_paths, layout_rooms, mainiacjoe_overflow_catwalk,
          roderic_roman_lattice
D:4:      layout_loops_corners, grunt_temple_overflow_gold_and_silver,
          nicolae_wu_jian_wuxing_cycle, nicolae_qazlal_scattered_showers,
          gup_sewer_entry_bubbles, glass_columns_a
D:5:      nicolae_cairo_tiling_very_big, layout_cave_pools,
          amcnicky_altar_gilded, minmay_temple_entry_antechambers,
          kennysheep_potato
D:6:      layout_loops_ring, makhleb_blood_cavern_becter, st_stairs_12
D:7:      layout_rooms, uniq_maggie
D:8:      layout_loops_ring, lemuel_crystal_altar,
          nicolae_overflow_crystal_walls, uniq_joseph, uniq_harold
D:9:      layout_loops_ring
D:10:     layout_irregular_city, elyvilon_altar_4, enter_trove_2, serial_shops,
          nicolae_shop_trees
D:11:     layout_basic, david_lair_shrubbed,
          ploomutoo_gammafunk_ghost_potion_laboratory, portal_ice_cave_rime,
          zin_statuary

Skill      XL: |  1  2  3  4  5  6  7  8  9 10 11 |
---------------+----------------------------------+-----
Long Blades    | 3 4 5 7 8 |  8.7
Shields        | 4 5 6 7 8 9 |  9.1
Fighting       | 4 5 6 7 8 9 |  9.1
Dodging        | 4 5 6 7 8 9 |  9.1
Stealth        | 5 7 |  7.0

Action                   |  1- 3 |  4- 6 |  7- 9 | 10-12 || total
-------------------------+-------+-------+-------+-------++-------
Melee: Long sword        |    47 |   125 |   161 |   170 ||   503
       Constrict         |    12 |    30 |    37 |    16 ||    95
       Tentacles         |     6 |    27 |    35 |    43 ||   111
       Kick              |       |     7 |    62 |    64 ||   133
       Punch             |       |       |     5 |     4 ||     9
       Bite              |       |       |     2 |       ||     2
  Use: Potion            |       |       |     2 |       ||     2
       Scroll            |       |       |     6 |     6 ||    12
 Stab: Sleeping          |     4 |    16 |     7 |     5 ||    32
       Distracted        |       |       |       |     1 ||     1
       Confused          |       |       |       |     8 ||     8
Armor: Skin              |     4 |     3 |     9 |    16 ||    32
Dodge: Dodged            |    38 |    78 |   103 |   101 ||   320
Block: Buckler           |    13 |    23 |    41 |    50 ||   127
       Kite shield       |       |       |       |     4 ||     4
